 Dungeon Crawl Stone Soup version 0.32-a0-329-ge6c31236d6 (webtiles) character file.

Game seed: 8544877044234860255

241 porpoise the Magician (level 6, 0/61 HPs)
             Began as an Oni Alchemist on Feb 17, 2024.
             Succumbed to an adder's poison
             ... on level 3 of the Dungeon.
             The game lasted 00:13:30 (2866 turns).

porpoise the Magician (Oni Alchemist)               Turns: 2866, Time: 00:13:31

Health: 0/61       AC:  4    Str: 13    XL:     6   Next: 8%
Magic:  3/12       EV:  9    Int: 18    God:
Gold:   151        SH:  0    Dex:  9    Spells: 7/13 levels left

rFire   . . .        a - +0 trident
rCold   . . .        (no shield)
rNeg    + . .        d - +1 robe
rPois   .            (helmet restricted)
rElec   .            (no cloak)
rCorr   .            (gloves unavailable)
SInv    .            (boots unavailable)
Will    .....        (no amulet)
Stlth   +            l - ring of positive energy
HPRegen 0.30/turn    (no ring)
MPRegen 0.13/turn

%: no passive effects
@: lethally poisoned (0 -> -2), very slightly contaminated
A: large, unfitting armour, horns 1, tough skin 1, double potion healing,
drunken brawling
a: no special abilities


You were on level 3 of the Dungeon.
You visited 1 branch of the dungeon, and saw 3 of its levels.

You collected 151 gold pieces.

Inventory:

Hand Weapons
 a - a +0 trident (weapon)
 q - a +0 short sword
Missiles
 g - 3 poisoned darts
Armour
 d - a +1 robe (worn)
Jewellery
 l - a ring of positive energy (left hand)
Wands
 n - a wand of charming (8)
Scrolls
 e - a scroll of enchant armour
 f - a scroll of poison
 i - a scroll of identify
 j - a scroll of immolation
 k - a scroll of revelation {unknown}
 m - a scroll of fear {unknown}
 o - a scroll of teleportation
Potions
 b - a potion of magic
 c - 3 potions of curing
 h - 2 potions of lignification
 p - a potion of attraction {unknown}


   Skills:
 + Level 3.6 Fighting
 - Level 1.7 Dodging
 - Level 1.4 Stealth
 + Level 4.0 Spellcasting
 + Level 2.6 Conjurations
 + Level 3.7 Alchemy


You had 7 spell levels left.
You knew the following spells:

 Your Spells              Type           Power      Damage    Failure   Level
a - Sting                 Conj/Alch      60%        1d6       4%          1
b - Mercury Vapours       Alch/Air       20%        N/A       11%         2
m - Mephitic Cloud        Conj/Alch/Air  11%        N/A       19%         3

Your spell library contained the following spells:

 Spells                   Type           Power      Damage    Failure   Level
 Olgreb's Toxic Radiance  Alch           17%        N/A       30%         4
 Gell's Gravitas          Tloc           3%         N/A       41%         3
 Inner Flame              Hex/Fire       3%         N/A       41%         3
 Teleport Other           Tloc           3%         N/A       41%         3
 Sticky Flame             Fire/Alch      10%        2d5       56%         4
 Flame Wave               Conj/Fire      8%         2d5       65%         4
 Dispersal                Tloc           1%         N/A       100%        6


Dungeon Overview and Level Annotations

Branches:
Dungeon (3/15)

Altars:

Shops:
D:3 [


Innate Abilities, Weirdness & Mutations

You are too large for most types of armour.
You have a pair of small horns on your head.
You have tough skin. (AC +1)
You gain doubled healing and magic from potions.
Whenever you drink a healing potion, you attack all around you.


Message History

Aiming: Mercury Vapours (safe; 11% risk of failure)
Press: ? - help, Dir - move target, f/p - adder
Aim: an adder (almost dead, poisoned, chance to weaken: 100%)
You miscast Mercury Vapours.
You are very lightly contaminated with residual magic.
Nothing appears to happen.
The adder bites you but does no damage. The river rat barely misses you.
You miss the adder.
The adder is almost dead.
The adder bites you.
* * * LOW HITPOINT WARNING * * *
You are poisoned.
The adder poisons you! The river rat closely misses you.
The adder bites you but does no damage.
Casting: Mercury Vapours (safe; 11% risk of failure)
Confirm with . or Enter, or press ? or * to list all spells.
Aiming: Sting (safe; 4% risk of failure)
Press: ? - help, Shift-Dir - straight line, f - river rat, p - adder
Aim: a river rat (severely wounded, 71% to hit)
The sting misses the river rat.
You feel sick. The river rat bites you!
* * * LOW HITPOINT WARNING * * *
The adder closely misses you.
Casting: Sting (safe; 4% risk of failure)
Confirm with . or Enter, or press ? or * to list all spells.
Aiming: Sting (safe; 4% risk of failure)
Press: ? - help, Shift-Dir - straight line, f/p - river rat
Aim: a river rat (severely wounded, 71% to hit)
The sting misses the river rat.
You feel sick.
The adder looks more healthy.
The adder bites you but does no damage. The river rat bites you.
* * * LOW HITPOINT WARNING * * *
Unknown command.
Casting: Sting (safe; 4% risk of failure)
Confirm with . or Enter, or press ? or * to list all spells.
Aiming: Sting (safe; 4% risk of failure)
Press: ? - help, Shift-Dir - straight line, f/p - river rat
Aim: a river rat (severely wounded, 71% to hit)
The sting hits the river rat but does no damage.
The river rat is poisoned.
The river rat is severely wounded.
You die...

### ### ##~######~##
#~~~~~~~~~~#
#~~~####~~~##.
##~##~~##~###.#
#~#~.~~#~# #.#
#~#~~~~#~# #.########
##~##Sr##†###.##......
#~~~#@~#~†~##.##.#####
#~~~~~~#~~~##.#...##
##~######~###...#..###
### #.##...###....
#....#..#..##.
#######...###. ##.##
#. #.# #. #.# #.


You could see an adder and a river rat (poisoned).

Vanquished Creatures
  Jessica (D:3)
  Terence (D:2)
  Natasha (D:3)
  3 adders
  3 dart slugs
  A ribbon worm (D:2)
  2 orcs (D:3)
  6 bats
  3 endoplasms
  3 giant cockroaches
  5 goblins
  8 hobgoblins
  4 jackals
  6 kobolds
  4 quokkas
  11 ball pythons
  4 frilled lizards
  9 rats
75 creatures vanquished.

Notes
Turn   | Place    | Note
-------+----------+-------------------------------------------
     0 | D:1      | porpoise the Oni Alchemist began the quest for the Orb.
     0 | D:1      | Reached XP level 1. HP: 16/16 MP: 3/3
    25 | D:1      | Reached skill level 1 in Conjurations
   123 | D:1      | Reached XP level 2. HP: 21/26 MP: 1/5
   173 | D:1      | Reached skill level 1 in Fighting
   451 | D:1      | Reached XP level 3. HP: 33/33 MP: 1/7
   509 | D:1      | Learned a level 2 spell: Mercury Vapours
   513 | D:1      | Learned a level 3 spell: Mephitic Cloud
   665 | D:1      | Found a faded altar of an unknown god.
   854 | D:1      | Reached skill level 3 in Spellcasting
  1203 | D:1      | Reached XP level 4. HP: 40/42 MP: 5/8
  1433 | D:2      | Noticed Terence
  1464 | D:2      | Killed Terence
  1709 | D:2      | Reached XP level 5. HP: 31/52 MP: 8/10
  2281 | D:3      | Noticed Jessica
  2288 | D:3      | Killed Jessica
  2380 | D:3      | Found Zaimm's Armour Boutique.
  2504 | D:3      | Noticed Natasha
  2525 | D:3      | Killed Natasha
  2562 | D:3      | Reached XP level 6. HP: 34/61 MP: 11/11
  2845 | D:3      | Reached skill level 4 in Spellcasting
  2865 | D:3      | HP: 1/61 [river rat (5)]
  2866 | D:3      | Succumbed to an adder's poison

Illustrated notes

Levels and vault maps discovered:
D:1:      dpeg_arrival_water_temple_mockup, layout_basic,
          hellmonk_ecumenical_altar_crossroads
D:2:      layout_basic, minmay_hedge_maze, uniq_terence
D:3:      layout_loops_ring, gup_sewer_entry_bubbles, serial_shops,
          nicolae_shop_hallway_plus, uniq_natasha, uniq_jessica

Skill      XL: |  1  2  3  4  5  6 |
---------------+-------------------+-----
Conjurations   | 1 2 |  2.6
Fighting       | 1 2 3 |  3.6
Alchemy        | 3 |  3.7
Spellcasting   | 3 4 |  4.0
Dodging        | |  1.7
Stealth        | |  1.4

Action                     |  1- 3 |  4- 6 || total
---------------------------+-------+-------++-------
  Melee: Unarmed           |    18 |       ||    18
         Short sword       |    44 |    42 ||    86
         Headbutt          |     7 |    14 ||    21
         Trident           |       |    92 ||    92
   Cast: Sting             |    26 |    47 ||    73
         Mercury Vapours   |     2 |     1 ||     3
         Mephitic Cloud    |       |     1 ||     1
    Use: Scroll            |       |     9 ||     9
         Potion            |       |     1 ||     1
   Stab: Confused          |       |     2 ||     2
         Sleeping          |       |     1 ||     1
 Armour: Robe              |    73 |   134 ||   207
  Dodge: Dodged            |    52 |    78 ||   130

Table legend: (Time is in decaauts)
 A = Elapsed time spent in this place.
 B = Non-inter-level travel time spent in this place.
 C = Inter-level travel time spent in this place.
 D = Time resting spent in this place.
 E = Time spent auto-exploring this place.
 F = Levels seen in this place.
 G = Mean time per level.
                   A        B        C        D        E       F      G
               +--------+--------+--------+--------+--------+-----+--------+
         Total |   2902 |   2865 |     37 |    997 |    939 |   3 |  967.3 |
       Dungeon |   2902 |   2865 |     37 |    997 |    939 |   3 |  967.3 |
               +--------+--------+--------+--------+--------+-----+--------+

Top non-repeatable levels by time:
     D:1: 1225 daAuts
     D:2: 991 daAuts
     D:3: 686 daAuts
